AoeStats
← sartorius5559

Arena

509261536Analyzed
4v4 RM · 4d ago on Sep 26, 2026· 37m 55s· 8 players
Game mode
Random Map
Map size
Large (8 player)
Population
200
Speed
Normal
Resources
Standard
Victory
Conquest
Starting age
Dark Age
Ending age
Imperial Age
RankedLock teamsTeams togetherTeam positionsShared explorationLock speedFull tech treeHidden civsTurbo modeCheats
Victory
Defeat
🇨🇦 Saxons · Canada
1377
+9
🇵🇰 Danes · Pakistan
1291
+12
🇨🇳 Varangians · China
1225
+15
🇺🇸 Georgians · United States
1105
+19
🇺🇸 Maya · United States
1205
-14
🇺🇸 Varangians · United States
1204
-14
🇲🇽 Danes · Mexico
1202
-14
🇦🇺 Khmer · Australia
1172
-13
locoacosta
10:25 Feudal Age
10:56 Double-Bit Axe
15:40 Castle Age
15:02 Gold Mining
14:54 Horse Collar
15:41 Stone Mining
16:39 Bow Saw
18:36 Loom
19:57 Heavy Plow
22:41 Gold Shaft Mining
22:50 Wheelbarrow
23:31 Forging
27:08 Squires
27:52 Scale Barding Armor
30:39 Imperial Age
27:56 Pikeman
29:13 Arson
30:07 Hand Cart
30:43 Scale Mail Armor
30:53 Halberdier
31:31 Elite Varangian Guard
33:49 Chain Mail Armor
33:23 Gambesons
34:41 Iron Casting
34:35 Conscription
35:52 Plate Mail Armor
36:05 Stone Shaft Mining
sartorius5559
0:31 Loom
10:50 Feudal Age
14:47 Castle Age
13:00 Double-Bit Axe
16:36 Horse Collar
28:15 Imperial Age
26:29 Fletching
27:11 Ballistics
27:35 Padded Archer Armor
28:29 Bodkin Arrow
28:50 Leather Archer Armor
30:06 Chemistry
29:49 Thumb Ring
30:42 Elite Plumed Archer
32:31 Bracer
33:02 Ring Archer Armor
CarverMX32
11:09 Feudal Age
14:51 Castle Age
13:09 Double-Bit Axe
13:06 Horse Collar
20:01 Wheelbarrow
20:40 Bow Saw
23:19 Loom
23:23 Town Watch
24:20 Heavy Plow
24:42 Vendel Legacy
25:27 Husbandry
26:26 Bloodlines
26:35 Gold Mining
28:30 Hand Cart
31:14 Imperial Age
29:18 Scale Barding Armor
29:23 Forging
30:38 Light Cavalry
31:33 Cavalier
32:35 Chain Barding Armor
32:51 Iron Casting
34:04 Plate Barding Armor
34:31 Conscription
Bread
10:54 Feudal Age
13:55 Castle Age
12:04 Double-Bit Axe
12:35 Horse Collar
15:42 Wheelbarrow
18:19 Heavy Plow
18:33 Bow Saw
32:37 Forging
LordVartok
8:44 Loom
10:51 Feudal Age
14:34 Castle Age
13:04 Double-Bit Axe
13:33 Horse Collar
19:05 Heavy Plow
20:39 Stone Mining
24:01 Stone Shaft Mining
25:43 Bloodlines
28:24 Wheelbarrow
28:49 Husbandry
29:04 Forging
29:00 Scale Barding Armor
28:49 Town Watch
29:39 Gold Mining
30:03 Bow Saw
32:27 Imperial Age
30:13 Hand Cart
29:59 Town Patrol
31:23 Iron Casting
31:09 Chain Barding Armor
30:52 Light Cavalry
32:32 Cavalier
33:34 Conscription
34:19 Blast Furnace
33:55 Plate Barding Armor
32:58 Hussar
Squittlez
10:33 Feudal Age
14:33 Castle Age
12:42 Double-Bit Axe
16:10 Bow Saw
16:58 Scale Mail Armor
19:34 Chain Mail Armor
24:20 Horse Collar
24:31 Gold Mining
27:34 Wheelbarrow
27:27 Heavy Plow
33:52 Imperial Age
31:08 Town Watch
32:34 Forging
32:44 Squires
32:29 Gambesons
32:30 Arson
33:16 Hand Cart
32:56 Loom
33:48 Gold Shaft Mining
33:04 Stone Mining
34:24 Iron Casting
34:57 Conscription
34:14 Shield Wall
35:15 Conscription
36:44 Plate Mail Armor
丧心病狂
10:35 Feudal Age
11:42 Double-Bit Axe
14:30 Castle Age
13:18 Horse Collar
15:32 Bow Saw
16:11 Heavy Plow
21:32 Scale Barding Armor
21:37 Forging
23:12 Forging
24:07 Bloodlines
23:57 Husbandry
24:31 Loom
25:22 Wheelbarrow
26:58 Chain Barding Armor
27:13 Iron Casting
28:00 Town Watch
31:53 Imperial Age
29:54 Scale Mail Armor
30:02 Arson
30:18 Squires
30:03 Gambesons
31:51 Gold Mining
31:56 Stone Mining
32:44 Chain Mail Armor
31:59 Gothikon
32:28 Elite Varangian Guard
34:18 Conscription
36:59 Blast Furnace
36:29 Plate Mail Armor
coys
10:26 Feudal Age
12:05 Double-Bit Axe
14:43 Castle Age
13:51 Horse Collar
16:30 Bow Saw
19:46 Wheelbarrow
21:43 Heavy Plow
22:11 Gold Mining
23:45 Scale Mail Armor
27:20 Imperial Age
25:28 Chain Mail Armor
25:23 Forging
25:29 Pikeman
26:14 Squires
25:59 Gambesons
26:09 Loom
26:10 Town Watch
28:23 Conscription
27:44 Onager
29:09 Siege Engineers
31:28 Siege Onager
31:42 Pikeman
33:54 Chemistry
33:00 Fletching
33:47 Bodkin Arrow
35:12 Plate Mail Armor
34:04 Halberdier
36:45 Capped Ram
38:51 Iron Casting
Connection lost

Rejoining the realm…

Still unreachable

The connection could not be restored.

Session expired

The server has moved on; the page needs a fresh start.